Map: Deathaura LE

Players

liquidthermy (uThermal)

  • Race: Terran Terran
  • Spawn Location: 11:00

HeroMarine - Winner!

  • Race: Terran Terran
  • League: Master
  • Spawn Location: 5:00

Event: DreamHack SC2 Masters 2020 Summer Europe

VOD

Have the link to the VOD?

Description

Time

  • Played on: July 11, 2020, 10:48 a.m.
  • Length: 5:32

All games in this series

Show
View Real Time Build Order
Export as new Build Order

liquidthermy Terran 

Build Orders:  

Get SALT Encoding   

  12  0:02  SCV  
  13  0:14  SCV  
  13  0:17  Supply Depot  
  14  0:26  SCV  
  15  0:38  SCV  
  15  0:39  Barracks  
  16  0:43  Refinery  
  16  0:50  SCV  
  17  0:59  Barracks  
  17  1:03  SCV  
  18  1:15  SCV  
  19  1:27  Orbital Command, Reaper  
  19  1:32  Supply Depot  
  20  1:47  Reaper  
  20  1:53  SCV  
  22  2:02  Reaper  
  22  2:05  SCV  
  24  2:14  Command Center  
  24  2:17  SCV  
  24  2:22  Refinery, Marine  
  25  2:29  SCV  
  27  2:34  Marine  
  27  2:35  Bunker  
  28  2:41  SCV  
  29  2:45  Factory  
  29  2:53  SCV  
  29  2:57  Barracks Reactor  
  29  2:58  Barracks Tech Lab  
  30  3:05  SCV  
  31  3:25  SCV  
  31  3:26  Orbital Command  
  31  3:30  Starport  
  31  3:34  Refinery  
  31  3:35  Cyclone  
  31  3:37  SCV  
  31  3:38  Marine x2  
  37  3:49  SCV  
  37  3:51  SCV  
  37  3:52  Supply Depot  
  39  4:01  SCV  
  40  4:04  SCV  
  41  4:13  Raven  
  41  4:16  Command Center  
  43  4:17  SCV  
  43  4:19  SCV  
  43  4:23  Barracks Tech Lab  
  45  4:25  Marine x2  
  45  4:29  SCV  
  45  4:30  Factory Reactor  
  48  4:31  SCV  
  48  4:34  Supply Depot  
  49  4:41  SCV  
  49  4:42  Marine  
  49  4:43  Marine, SCV  
  52  4:53  SCV  
  52  4:55  Marine  
  52  4:56  SCV  
  54  5:07  Marine  
  54  5:11  Marine  
  54  5:12  SCV  
  54  5:14  Marine  
  52  5:15  SCV  
  52  5:16  Supply Depot  
Show
View Real Time Build Order
Export as new Build Order

HeroMarine Terran - Winner!

Build Orders:  

Get SALT Encoding   

  12  0:00  SCV  
  13  0:13  SCV  
  14  0:17  Supply Depot  
  14  0:25  SCV  
  15  0:29  Refinery  
  15  0:38  SCV  
  16  0:44  Barracks  
  16  0:50  SCV  
  16  0:55  Refinery  
  17  1:02  SCV  
  18  1:14  SCV  
  19  1:30  Orbital Command, Reaper  
  20  1:35  Factory  
  20  1:42  Supply Depot  
  20  1:56  SCV  
  21  2:02  Reaper  
  23  2:08  SCV  
  23  2:19  Hellion  
  23  2:20  SCV  
  26  2:25  Command Center  
  26  2:32  SCV  
  26  2:35  Barracks Reactor  
  27  2:37  Supply Depot  
  27  2:40  Factory Tech Lab  
  27  2:44  SCV  
  27  2:48  Starport  
  28  2:56  SCV  
  29  3:01  Cyclone  
  32  3:09  SCV  
  32  3:12  Marine x2  
  35  3:19  Refinery  
  35  3:21  SCV  
  35  3:24  Starport Tech Lab  
  36  3:29  Marine  
  36  3:30  Marine  
  36  3:33  SCV  
  39  3:37  Siege Tank  
  39  3:38  Orbital Command  
  42  3:43  Medivac  
  42  3:45  SCV  
  42  3:48  Marine  
  46  3:49  Marine  
  47  3:57  SCV  
  48  4:04  SCV  
  48  4:06  Supply Depot  
  48  4:08  Marine x2  
  48  4:09  SCV  
  52  4:15  Starport Tech Lab  
  52  4:18  SCV  
  52  4:21  Supply Depot, SCV  
  54  4:28  Siege Tank, Marine x2  
  59  4:32  SCV  
  59  4:33  SCV  
  61  4:42  Raven  
  61  4:44  SCV  
  64  4:45  SCV  
  64  4:47  Marine x2  
  67  4:57  SCV  
  69  5:04  Supply Depot  
  69  5:07  Command Center, SCV  
  66  5:10  SCV  
  66  5:12  Marine x2  
Tags
 
Add a new tag
Caveats
  • Supply blocks, unpowered buildings, or Contaminate may cause inaccurate times.
  • Supply counts are checked every 10 seconds.